 Dungeon Sprint DCSS version 0.30-a0-883-g5ad918d77d (webtiles) character file.

Game seed: 1020548822693911638

3 sircluck the Trooper (level 1, 0/15 HPs)
             Began as a Gargoyle Fighter on Mar 15, 2023.
             Slain by Crazy Yiuf
             ... wielding a +3 quarterstaff of chaos
              (5 damage)
             ... in the Dungeon (Sprint III: "The Ten Rune Challenge").
             The game lasted 00:00:12 (52 turns).

sircluck the Trooper (Gargoyle Fighter)               Turns: 52, Time: 00:00:13

Health: 0/15       AC:  9    Str: 19    XL:     1   Next: 50%
Magic:  0/1        EV:  9    Int:  8    God:
Gold:   10         SH:  4    Dex:  9    Spells: 0/0 levels left

rFire   . . .      SeeInvis .    a - +0 flail
rCold   . . .      Faith    .    c - +0 buckler
rNeg    + . .      Spirit   .    b - +0 scale mail
rPois   ∞          Reflect  .    (no helmet)
rElec   +          Rampage  .    (no cloak)
rCorr   .          NoTele   +    (no gloves)
Will    .....                    (no boots) Stlth
                                 (no amulet)
HPRegen 0.22/turn                (no ring)
MPRegen 0.07/turn                (no ring)

@: no status effects
A: sickness immunity, AC +2, negative energy resistance 1, electricity
resistance, torment resistance 1, petrification resistance
a: no special abilities


You were in the Dungeon.
You visited 1 branch You collected 10 gold pieces.

Inventory:

Hand Weapons
 a - a +0 flail (weapon)
Missiles
 k - 3 stones (quivered)
Armour
 b - a +0 scale mail (worn)
 c - a +0 buckler (worn)
Scrolls
 j - a scroll of blinking
Potions
 d - a potion of might
 e - a potion of curing
 f - a potion of heal wounds
 g - a potion of haste
 h - 2 potions of magic
 i - a potion of berserk rage


   Skills:
 + Level 3.8 Fighting
 + Level 2.1 Maces & Flails
 + Level 3.8 Armour
 + Level 3.6 Shields


You couldn't memorise any spells.
You didn't know any spells.
Your spell library was empty.

Dungeon Overview and Level Annotations

Branches:
Dungeon (1/1)

Altars:

Annotations:
D Crazy Yiuf


Innate Abilities, Weirdness & Mutations

You are immune to sickness and miasma.
Your stone body is resilient. (AC +2)
You are immune to poison.
You resist negative energy. (rN+)
You are resistant to electric shocks. (rElec)
You are resistant to unholy torment.
You are immune to petrification.


Message History

You kill the rat!
No target in view!
No target in view!
No target in view!
No target in view!
No target in view!
No target in view!
You now have 10 gold pieces.
You see here a rat corpse.
A rat comes into view.
A rat is nearby!
The rat bites you but does no damage.
You barely miss the rat. The rat bites you but does no damage.
You barely miss the rat. The rat bites you but does no damage.
The rat closely misses you.
You hit the rat.
You kill the rat!
No target in view!
No target in view!
No target in view!
No target in view!
No target in view!
No target in view!
No target in view!
A human comes into view.
A human is nearby!
A human is nearby!
Crazy Yiuf the Enlightened comes into view.
He is wielding a +3 quarterstaff of chaos and wearing a +0 cloak of willpower.
Crazy Yiuf hits you with a +3 quarterstaff of chaos.
Crazy Yiuf burns you.
You barely miss Crazy Yiuf. The human misses you. Crazy Yiuf barely misses you.
You closely miss Crazy Yiuf. The human barely misses you.
Crazy Yiuf hits you with a +3 quarterstaff of chaos.
You feel your power leaking away. You block Crazy Yiuf's attack.
The human hits you but does no damage.
You are too injured to fight recklessly!
You are too injured to fight recklessly!
You closely miss Crazy Yiuf. The human hits you but does no damage.
Crazy Yiuf hits you with a +3 quarterstaff of chaos.
You die...

▓...#......##
▓..##...†...# ..#
▓##.##.##...# ..#
##.##.###..# #..#
▓#.####.##..# ...+
▓.###..##..## #...#
▓#.....##..###....#
###..##...##p....#
##..##....#.@g...#
#..###..##.#.....#
#..# #.. ####....#
▓▓▓▓ ▓▓▓ ▓▓▓▓▓


You could see a human and Crazy Yiuf.

Vanquished Creatures
  An endoplasm (D)
  3 rats (D)
4 creatures vanquished.

Notes
Turn   | Place    | Note
-------+----------+-------------------------------------------
     0 | D        | sircluck the Gargoyle Fighter began the quest for the Orb.
     0 | D        | Reached XP level 1. HP: 14/14 MP: 1/1
    48 | D        | Noticed Crazy Yiuf
    52 | D        | Slain by Crazy Yiuf

Illustrated notes

Levels and vault maps discovered:
D:        dungeon_sprint_mu [sprint_mu_entry_cave, sprint_mu_temple_rooms,
          sprint_mu_d1_spiders, sprint_mu_d2_genie, sprint_mu_d3_branching,
          sprint_mu_orc_legion, sprint_mu_elf_gauntlet, sprint_mu_hive_nellie,
          sprint_mu_lair_fedhas, sprint_mu_vaults_butterflies,
          sprint_mu_slime_circle, sprint_mu_shoals_archi,
          sprint_mu_snake_twists, sprint_mu_blade_basic,
          sprint_mu_crypt_chambers, sprint_mu_tomb_spiral,
          sprint_mu_vestibule_basic, sprint_mu_gehenna_hellfire,
          sprint_mu_dis_giant, sprint_mu_tartarus_statrot,
          sprint_mu_cocytus_islands, sprint_mu_zot1]

Action                     || total
---------------------------++-------
  Melee: Flail             ||    11
 Armour: Scale mail        ||     7
  Dodge: Dodged            ||     4
  Block: Buckler           ||     2

Table legend: (Time is in decaauts)
 A = Elapsed time spent in this place.
 B = Non-inter-level travel time spent in this place.
 C = Inter-level travel time spent in this place.
 D = Time resting spent in this place.
 E = Time spent auto-exploring this place.
 F = Levels seen in this place.
 G = Mean time per level.
                   A        B        C        D        E       F      G
               +--------+--------+--------+--------+--------+-----+--------+
         Total |     55 |     51 |      4 |      0 |     25 |   1 |   55.0 |
       Dungeon |     55 |     51 |      4 |      0 |     25 |   1 |   55.0 |
               +--------+--------+--------+--------+--------+-----+--------+

Top non-repeatable levels by time:
       D: 55 daAuts
